AoeStats
← aDT_The Night Panda

Arabia

503096539Analyzed
1v1 RM · 1mo ago on Aug 30, 2026· 19m 49s· 2 players
Game mode
Random Map
Map size
Tiny (2 player)
Population
200
Speed
Normal
Resources
Standard
Victory
Conquest
Starting age
Dark Age
Ending age
Imperial Age
RankedLock teamsTeams togetherTeam positionsShared explorationLock speedFull tech treeHidden civsTurbo modeCheats
Victory
Defeat
🇹🇼 Mongols · Taiwan
1757
+12
🇩🇰 Japanese · Denmark
1677
-12
aDT_The Night Panda
8:56 Feudal Age
8:41 Loom
9:13 Loom
9:01 Man-at-Arms
9:48 Loom
10:52 Double-Bit Axe
15:30 Horse Collar
15:46 Fletching
17:01 Padded Archer Armor
22:06 Castle Age
apple6206ha
3:23 Loom
9:14 Feudal Age
15:34 Castle Age
Connection lost

Rejoining the realm…

Still unreachable

The connection could not be restored.

Session expired

The server has moved on; the page needs a fresh start.